 Dungeon Crawl Stone Soup version 0.30-a0-51-g784eafce7f (webtiles) character file.

Game seed: 8070775076787048714

84 BritishOli the Trooper (level 4, 0/38 HPs)
             Began as a Demonspawn Fighter on Sept 6, 2022.
             Slain by an orc wizard
             ... wielding a +0 dagger
              (3 damage)
             ... on level 3 of the Dungeon.
             The game lasted 00:01:57 (2118 turns).

BritishOli the Trooper (Demonspawn Fighter)         Turns: 2118, Time: 00:01:57

Health: 0/38       AC:  6    Str: 18    XL:     4   Next: 23%
Magic:  4/4        EV:  9    Int:  9    God:
Gold:   88         SH: 13    Dex: 13    Spells: 3/3 levels left

rFire   . . .      SeeInvis .    a - +0 long sword
rCold   . . .      Faith    .    c - +0 buckler
rNeg    . . .      Spirit   .    b - +0 scale mail
rPois   .          Reflect  +    (no helmet)
rElec   .          Harm     .    (no cloak)
rCorr   .          Rampage  .    (no gloves)
Will    .....                    (no boots)
Stlth   ..........               j - amulet of reflection
HPRegen 0.12/turn                (no ring)
MPRegen 0.09/turn                (no ring)

@: no status effects
A: large bone plates 1, demonic touch 1
a: no special abilities


You were on level 3 of the Dungeon.
You visited 1 branch of the dungeon, and saw 3 of its levels.

You collected 88 gold pieces.

Inventory:

Hand Weapons
 a - a +0 long sword (weapon)
Missiles
 n - a throwing net (quivered)
Armour
 b - a +0 scale mail (worn)
 c - a +0 buckler (worn)
Jewellery
 j - an amulet of reflection (around neck)
Scrolls
 e - a scroll of vulnerability {unknown}
 f - a scroll of fog {unknown}
 g - a scroll of noise {unknown}
 l - a scroll of amnesia {unknown}
 m - 2 scrolls of teleportation {unknown}
 p - a scroll of magic mapping {unknown}
Potions
 d - a potion of might
 h - a potion of mutation {unknown}
 i - a potion of ambrosia {unknown}
 k - 2 potions of attraction {unknown}
 o - a potion of heal wounds {unknown}


   Skills:
 + Level 4.3 Fighting
 - Level 2.2 Long Blades
 - Level 3.0 Armour
 - Level 3.0 Shields


You had 3 spell levels left.
You didn't know any spells.
Your spell library contained the following spells:

 Spells                   Type           Power      Damage    Failure   Level
 Summon Small Mammal      Summ           0%         N/A       86%         1
 Call Canine Familiar     Summ           0%         N/A       99%         3
 Summon Guardian Golem    Hex/Summ       0%         N/A       99%         3


Dungeon Overview and Level Annotations

Branches:
Dungeon (3/15)

Altars:


Innate Abilities, Weirdness & Mutations

You are partially covered in large bone plates. (SH +4)
Your touch may inflict minor irresistible damage on your foes.


Message History

You hit the orc.
The orc is moderately wounded.
Something hits you but does no damage. You block the orc's attack.
Something hits you but does no damage.
You hit the orc.
The orc is moderately wounded.
Something hits you. You block the orc's attack.
The orc hits you from afar with a +0 trident.
You block the orc's attack.
You hit the orc.
The orc is severely wounded.
You hear some strange, mumbled words.
You are confused.
The orc hits you but does no damage. The orc closely misses you.
The orc barely misses you.
You are too confused!
You are too confused!
You are too confused!
The orc attacks as you move away! The orc hits you with a +0 whip.
Something hits you.
You slash the orc!
You kill the orc!
Something hits you but does no damage. The orc hits you but does no damage.
The orc hits you with a +0 whip. The orc completely misses you.
The orc hits you with a +0 whip. Something hits you but does no damage.
The orc barely misses you.
You see here a +0 dagger.
You bump into the stone wall.
You hear some strange, mumbled words.
A magic dart appears from out of thin air!
The magic dart hits you. The orc barely misses you.
The orc hits you but does no damage.
You closely miss the orc. Something hits you but does no damage.
The orc hits you with a +0 whip. The orc hits you with a +0 trident!
* * * LOW HITPOINT WARNING * * *
The orc attacks as you move away! The orc hits you with a +0 whip.
* * * LOW HITPOINT WARNING * * *
You feel less confused. Something hits you.
You die...

##.#######.##.#
#..# .# ##
##.## .# ##..#
#..##
##'########
#.o).......
#){†.......
#@o........
#..........
#..........
#.....#....
#.....:....
#..........
#..........
#........


You could see 2 orcs.

Vanquished Creatures
  An adder (D:3)
  A gnoll (D:1)
  2 worms (D:2)
  2 dart slugs (D:2)
  An orc (D:3)
  7 bats (D:1)
  5 endoplasms
  4 giant cockroaches
  4 hobgoblins
  7 kobolds
  2 quokkas
  5 ball pythons
  4 frilled lizards
  5 goblins
  6 rats
56 creatures vanquished.

Notes
Turn   | Place    | Note
-------+----------+-------------------------------------------
     0 | D:1      | BritishOli the Demonspawn Fighter began the quest for the
                  | Orb.
     0 | D:1      | Reached XP level 1. HP: 18/18 MP: 1/1
   214 | D:1      | Gained mutation: Your touch may inflict minor irresistible
                  | damage on your foes. [demonic ancestry]
   214 | D:1      | Reached XP level 2. HP: 22/24 MP: 2/2
   561 | D:1      | Gained mutation: You are partially covered in large bone
                  | plates. (SH +4) [demonic ancestry]
   561 | D:1      | Reached XP level 3. HP: 29/29 MP: 3/3
  1469 | D:2      | Reached skill level 4 in Fighting
  1876 | D:3      | Found a faded altar of an unknown god.
  1942 | D:3      | Reached XP level 4. HP: 33/37 MP: 4/4
  2118 | D:3      | Slain by an orc wizard

Illustrated notes

Levels and vault maps discovered:
D:1:      lightli_iron_boxes, layout_loops_ring, st_stairs_7,
          minmay_misc_feat_hallway
D:2:      layout_basic
D:3:      layout_loops_ring, ebering_ecumenical_altar_ruins,
          kennysheep_small_spiral

Skill      XL: |  1  2  3 |
---------------+----------+-----
Long Blades    | 2 |  2.2
Armour         | 3 |  3.0
Shields        | 3 |  3.0
Fighting       | 4 |  4.3

Action                   |  1- 3 |  4- 6 || total
-------------------------+-------+-------++-------
Melee: Long sword        |   140 |    13 ||   153
Armor: Scale mail        |    62 |    10 ||    72
Dodge: Dodged            |    51 |     6 ||    57
Block: Buckler           |    53 |    11 ||    64
       Reflection        |       |     1 ||     1

Table legend: (Time is in decaauts)
 A = Elapsed time spent in this place.
 B = Non-inter-level travel time spent in this place.
 C = Inter-level travel time spent in this place.
 D = Time resting spent in this place.
 E = Time spent auto-exploring this place.
 F = Levels seen in this place.
 G = Mean time per level.
                   A        B        C        D        E       F      G
               +--------+--------+--------+--------+--------+-----+--------+
         Total |   2169 |   2101 |     68 |      0 |   1747 |   3 |  723.0 |
       Dungeon |   2169 |   2101 |     68 |      0 |   1747 |   3 |  723.0 |
               +--------+--------+--------+--------+--------+-----+--------+

Top non-repeatable levels by time:
     D:1: 1043 daAuts
     D:2: 757 daAuts
     D:3: 369 daAuts
